PAAA
PHOENIX HOTSPUR RESERVES @ BLOOMINGTON LONGNECKS
06/22/2031
 
TOP OF THE 1ST
Phoenix Hotspur Reserves batting - Pitching for Bloomington Longnecks : RHP Nassim El-Badwi
Pitching: RHP Nassim El-Badwi
Batting: RHB Solomon Norment 0-0: Foul Ball, location: 2F
0-1: Called Strike
0-2: Ground out 6-3 (Groundball, 6)
Batting: RHB Francisco Arriagada 0-0: Foul Ball, location: 2F
0-1: Ball
1-1: Ground out 4-3 (Groundball, 4)
Batting: RHB Hieronymus Bosch 0-0: Ball
1-0: SINGLE (Groundball, 34D)
Batting: RHB Alex Niemann 0-0: Called Strike
0-1: Swinging Strike
0-2: Strikes out swinging
Top of the 1st over - 0 runs, 1 hit, 0 errors, 1 left on base; Phoenix 0 - Bloomington 0
BOTTOM OF THE 1ST
Bloomington Longnecks batting - Pitching for Phoenix Hotspur Reserves : RHP José Ruíz
Pitching: RHP José Ruíz
Batting: RHB Frank Crocker 0-0: Ball
1-0: Ball
2-0: Ground out 1-3 (Groundball, 13S)
Batting: LHB Keith Alexander 0-0: Ball
1-0: Ball
2-0: Called Strike
2-1: Swinging Strike
2-2: Ground out 6-3 (Groundball, 6)
Batting: RHB Wei-qiang Mo 0-0: Ball
1-0: Ball
2-0: Fly out, F7 (Flyball, 7D)
Bottom of the 1st over - 0 runs, 0 hits, 0 errors, 0 left on base; Phoenix 0 - Bloomington 0
TOP OF THE 2ND
Phoenix Hotspur Reserves batting - Pitching for Bloomington Longnecks : RHP Nassim El-Badwi
Batting: LHB Corey Ferguson 0-0: Ball
1-0: Swinging Strike
1-1: Swinging Strike
1-2: SOLO HOME RUN (Line Drive, 9LD), Distance : 351 ft
Batting: RHB Bernardo Rivera 0-0: Foul Ball, location: 2F
0-1: Ball
1-1: Ball
2-1: Ball
3-1: Foul Ball, location: 2F
3-2: Fly out, F8 (Flyball, 78D)
Batting: RHB Ryan Pollock 0-0: Ground out 5-3 (Groundball, 56)
Batting: RHB Bob Curry 0-0: Called Strike
0-1: Ground out 4-3 (Groundball, 4MS)
Top of the 2nd over - 1 run, 1 hit, 0 errors, 0 left on base; Phoenix 1 - Bloomington 0
BOTTOM OF THE 2ND
Bloomington Longnecks batting - Pitching for Phoenix Hotspur Reserves : RHP José Ruíz
Batting: RHB Silvio Bonauiti 0-0: Swinging Strike
0-1: Called Strike
0-2: Ball
1-2: Ball
2-2: SINGLE (Line Drive, 9S)
Batting: LHB Calvin Wilms 0-0: Ball
1-0: Called Strike
1-1: Ball
2-1: Grounds into double play, 4-6-3 (Groundball, 34)
Batting: RHB Stephen Chávez 0-0: Ball
1-0: Swinging Strike
1-1: Foul Ball, location: 2F
1-2: Fly out, F9 (Flyball, 9D)
Bottom of the 2nd over - 0 runs, 1 hit, 0 errors, 0 left on base; Phoenix 1 - Bloomington 0
TOP OF THE 3RD
Phoenix Hotspur Reserves batting - Pitching for Bloomington Longnecks : RHP Nassim El-Badwi
Batting: RHB Satoshi Terada 0-0: Ball
1-0: Foul Ball, location: 2F
1-1: Foul Ball, location: 2F
1-2: Ball
2-2: Strikes out swinging
Batting: RHB Solomon Norment 0-0: Ball
1-0: Ground out 4-3 (Groundball, 4)
Batting: RHB Francisco Arriagada 0-0: Ball
1-0: Foul Ball, location: 2F
1-1: Swinging Strike
1-2: Strikes out looking
Top of the 3rd over - 0 runs, 0 hits, 0 errors, 0 left on base; Phoenix 1 - Bloomington 0
BOTTOM OF THE 3RD
Bloomington Longnecks batting - Pitching for Phoenix Hotspur Reserves : RHP José Ruíz
Batting: SHB Chris Williamson 0-0: Foul Ball, location: 2F
0-1: Swinging Strike
0-2: Strikes out looking
Batting: RHB Ty Struck 0-0: Called Strike
0-1: Ball
1-1: Ball
2-1: Ball
3-1: Base on Balls
Batting: RHB Masafumi Ito 0-0: Ball
1-0: Fly out, F8 (Flyball, 8RM)
Batting: RHB Frank Crocker 0-0: Ball
1-0: Called Strike
1-1: Ground out 2-3 (Groundball, 2L)
Bottom of the 3rd over - 0 runs, 0 hits, 0 errors, 1 left on base; Phoenix 1 - Bloomington 0
TOP OF THE 4TH
Phoenix Hotspur Reserves batting - Pitching for Bloomington Longnecks : RHP Nassim El-Badwi
Batting: RHB Hieronymus Bosch 0-0: Called Strike
0-1: Ball
1-1: Foul Ball, location: 2F
1-2: Strikes out swinging
Batting: RHB Alex Niemann 0-0: Called Strike
0-1: Ball
1-1: Swinging Strike
1-2: Ground out 3-1 (Groundball, 34)
Batting: LHB Corey Ferguson 0-0: Called Strike
0-1: Foul Ball, location: 2F
0-2: Foul Ball, location: 2F
0-2: Ball
1-2: Strikes out looking
Top of the 4th over - 0 runs, 0 hits, 0 errors, 0 left on base; Phoenix 1 - Bloomington 0
BOTTOM OF THE 4TH
Bloomington Longnecks batting - Pitching for Phoenix Hotspur Reserves : RHP José Ruíz
Batting: LHB Keith Alexander 0-0: Ball
1-0: Swinging Strike
1-1: Ground out 6-3 (Groundball, 6)
Batting: RHB Wei-qiang Mo 0-0: Swinging Strike
0-1: Ball
1-1: Foul Ball, location: 2F
1-2: Ball
2-2: Strikes out swinging
Batting: RHB Silvio Bonauiti 0-0: Foul Ball, location: 2F
0-1: Ball
1-1: SINGLE (Groundball, 6MD)
Batting: LHB Calvin Wilms 0-0: Ball
Silvio Bonauiti steals 2nd base
1-0: Called Strike
1-1: Foul Ball, location: 2F
1-2: Foul Ball, location: 2F
1-2: Ground out 4-3 (Groundball, 4S)
Bottom of the 4th over - 0 runs, 1 hit, 0 errors, 1 left on base; Phoenix 1 - Bloomington 0
TOP OF THE 5TH
Phoenix Hotspur Reserves batting - Pitching for Bloomington Longnecks : RHP Nassim El-Badwi
Batting: RHB Bernardo Rivera 0-0: Ball
1-0: Ball
2-0: Foul Ball, location: 2F
2-1: Called Strike
2-2: Foul Ball, location: 2F
2-2: Ball
3-2: Base on Balls
Batting: RHB Ryan Pollock 0-0: Called Strike
0-1: Foul Ball, location: 2F
0-2: Ball
1-2: Ball
2-2: Ball
3-2: SINGLE (Line Drive, 78S)
Bernardo Rivera to second
Bernardo Rivera to third
Batting: RHB Bob Curry 0-0: Foul Ball, location: 2F
0-1: Ball
1-1: Foul Ball, location: 2F
1-2: Foul Ball, location: 2F
1-2: Strikes out looking
Batting: RHB Satoshi Terada 0-0: Called Strike
0-1: Foul Ball, location: 2F
0-2: Ball
1-2: SINGLE (Line Drive, 8LS)
Bernardo Rivera scores
Ryan Pollock to second
Batting: RHB Solomon Norment 0-0: Ball
1-0: Ball
2-0: Ball
3-0: Called Strike
3-1: Foul Ball, location: 2F
3-2: Base on Balls
Ryan Pollock to third
Satoshi Terada to second
Batting: RHB Francisco Arriagada 0-0: Ball
1-0: SINGLE (Flyball, 8LS)
Ryan Pollock scores
Satoshi Terada to third
Solomon Norment to second
Batting: RHB Hieronymus Bosch 0-0: SINGLE (Flyball, 34D)
Satoshi Terada scores
Solomon Norment to third
Francisco Arriagada to second
Batting: RHB Alex Niemann 0-0: Ball
1-0: Ball
2-0: Called Strike
2-1: Fly out, F9 (Flyball, 9S)
Batting: LHB Corey Ferguson 0-0: Fly out, F9 (Line Drive, 89M)
Top of the 5th over - 3 runs, 4 hits, 0 errors, 3 left on base; Phoenix 4 - Bloomington 0
BOTTOM OF THE 5TH
Bloomington Longnecks batting - Pitching for Phoenix Hotspur Reserves : RHP José Ruíz
Batting: RHB Stephen Chávez 0-0: Called Strike
0-1: Ball
1-1: Called Strike
1-2: Ball
2-2: Ball
3-2: Strikes out swinging
Batting: SHB Chris Williamson 0-0: Ball
1-0: Ground out 4-3 (Groundball, 4M)
Batting: RHB Ty Struck 0-0: Called Strike
0-1: Foul Ball, location: 2F
0-2: Foul Ball, location: 2F
0-2: Ball
1-2: Ball
2-2: Ground out 6-3 (Groundball, 56D)
Bottom of the 5th over - 0 runs, 0 hits, 0 errors, 0 left on base; Phoenix 4 - Bloomington 0
TOP OF THE 6TH
Phoenix Hotspur Reserves batting - Pitching for Bloomington Longnecks : RHP Nassim El-Badwi
Batting: RHB Bernardo Rivera 0-0: Called Strike
0-1: Ball
1-1: Ball
2-1: Foul Ball, location: 2F
2-2: Ball
3-2: Foul Ball, location: 2F
3-2: Base on Balls
Pitching: RHP Vicente Escamilla
Batting: RHB Ryan Pollock 0-0: Ball
1-0: Called Strike
1-1: Foul Ball, location: 2F
1-2: Ball
2-2: Foul Ball, location: 2F
2-2: Strikes out swinging
Batting: RHB Bob Curry 0-0: Ball
1-0: Foul Ball, location: 2F
1-1: Ball
2-1: Called Strike
2-2: Fly out, F8 (Line Drive, 8LM)
Batting: RHB Satoshi Terada 0-0: Ball
1-0: Foul Ball, location: 2F
1-1: Ball
2-1: Ball
3-1: Called Strike
3-2: Ground out 4-3 (Groundball, 34)
Top of the 6th over - 0 runs, 0 hits, 0 errors, 1 left on base; Phoenix 4 - Bloomington 0
BOTTOM OF THE 6TH
Bloomington Longnecks batting - Pitching for Phoenix Hotspur Reserves : RHP José Ruíz
Batting: RHB Masafumi Ito 0-0: Ball
1-0: Foul Ball, location: 2F
1-1: Ball
2-1: Foul Ball, location: 2F
2-2: Foul Ball, location: 2F
2-2: SINGLE (Flyball, 3D) - OUT at second base trying to stretch hit.
Batting: RHB Frank Crocker 0-0: Ball
1-0: Ball
2-0: Fly out, F9 (Flyball, 9S)
Batting: LHB Keith Alexander 0-0: Ball
1-0: Foul Ball, location: 2F
1-1: Called Strike
1-2: Strikes out swinging
Bottom of the 6th over - 0 runs, 1 hit, 0 errors, 0 left on base; Phoenix 4 - Bloomington 0
TOP OF THE 7TH
Phoenix Hotspur Reserves batting - Pitching for Bloomington Longnecks : RHP Vicente Escamilla
Batting: RHB Solomon Norment 0-0: Called Strike
0-1: Ball
1-1: Fly out, F9 (Flyball, 9LS)
Batting: RHB Francisco Arriagada 0-0: Called Strike
0-1: Foul Ball, location: 2F
0-2: Ball
1-2: Strikes out swinging, 2-3 out at first.
Batting: RHB Hieronymus Bosch 0-0: Foul Ball, location: 2F
0-1: Ball
1-1: Called Strike
1-2: Ball
2-2: Ground out 6-3 (Groundball, 6)
Top of the 7th over - 0 runs, 0 hits, 0 errors, 0 left on base; Phoenix 4 - Bloomington 0
BOTTOM OF THE 7TH
Bloomington Longnecks batting - Pitching for Phoenix Hotspur Reserves : RHP José Ruíz
Batting: RHB Wei-qiang Mo 0-0: Ground out 4-3 (Groundball, 4)
Batting: RHB Silvio Bonauiti 0-0: Foul Ball, location: 2F
0-1: Ball
1-1: Ball
2-1: Swinging Strike
2-2: Ball
3-2: Foul Ball, location: 2F
3-2: Fly out, F7 (Flyball, 7)
Batting: LHB Calvin Wilms 0-0: Ground out 6-3 (Groundball, 6)
Bottom of the 7th over - 0 runs, 0 hits, 0 errors, 0 left on base; Phoenix 4 - Bloomington 0
TOP OF THE 8TH
Phoenix Hotspur Reserves batting - Pitching for Bloomington Longnecks : RHP Vicente Escamilla
Batting: RHB Alex Niemann 0-0: Ball
1-0: Ball
2-0: Swinging Strike
2-1: Swinging Strike
2-2: Foul Ball, location: 2F
2-2: Ball
3-2: Strikes out swinging
Batting: LHB Corey Ferguson 0-0: Ball
1-0: Ball
2-0: Foul Ball, location: 2F
2-1: Foul Ball, location: 2F
2-2: Fly out, F8 (Flyball, 8RS)
Batting: RHB Bernardo Rivera 0-0: Ball
1-0: Called Strike
1-1: Called Strike
1-2: Strikes out swinging
Top of the 8th over - 0 runs, 0 hits, 0 errors, 0 left on base; Phoenix 4 - Bloomington 0
BOTTOM OF THE 8TH
Bloomington Longnecks batting - Pitching for Phoenix Hotspur Reserves : RHP José Ruíz
Batting: RHB Stephen Chávez 0-0: Ball
1-0: Swinging Strike
1-1: Swinging Strike
1-2: Foul Ball, location: 2F
1-2: Foul Ball, location: 2F
1-2: Strikes out looking
Batting: SHB Chris Williamson 0-0: Foul Ball, location: 2F
0-1: Ground out 6-3 (Groundball, 6MS)
Batting: RHB Ty Struck 0-0: Ball
1-0: SINGLE (Groundball, 3D)
Batting: RHB Masafumi Ito 0-0: Ball
1-0: Fly out, F8 (Flyball, 8LS)
Bottom of the 8th over - 0 runs, 1 hit, 0 errors, 1 left on base; Phoenix 4 - Bloomington 0
TOP OF THE 9TH
Phoenix Hotspur Reserves batting - Pitching for Bloomington Longnecks : RHP Vicente Escamilla
Batting: RHB Ryan Pollock 0-0: Ball
1-0: Ball
2-0: Ball
3-0: Called Strike
3-1: Foul Ball, location: 2F
3-2: Foul Ball, location: 2F
3-2: SINGLE (Groundball, 56D)
Batting: RHB Bob Curry 0-0: Bunted foul
0-1: Ball
1-1: Bunted foul
1-2: Ball
2-2: Ball
3-2: Fielders Choice at 2nd, 4-6 (Groundball, 4)
Pitching: LHP Jesús Medina
Batting: RHB Satoshi Terada 0-0: Ball
1-0: Called Strike
1-1: Ball
2-1: Fly out, F8 (Flyball, 8LM)
Batting: RHB Solomon Norment 0-0: Ball
1-0: Called Strike
1-1: Swinging Strike
1-2: Foul Ball, location: 2F
1-2: Ball
2-2: Ball
3-2: Fly out, F4 (Popup, 4)
Top of the 9th over - 0 runs, 1 hit, 0 errors, 1 left on base; Phoenix 4 - Bloomington 0
BOTTOM OF THE 9TH
Bloomington Longnecks batting - Pitching for Phoenix Hotspur Reserves : RHP José Ruíz
Batting: RHB Frank Crocker 0-0: Swinging Strike
0-1: Ball
1-1: Foul Ball, location: 2F
1-2: Ball
2-2: Reaches on Catchers interference
Batting: LHB Keith Alexander 0-0: Called Strike
0-1: Swinging Strike
0-2: Ball
1-2: Ball
2-2: Ball
3-2: Foul Ball, location: 2F
3-2: Foul Ball, location: 2F
3-2: Ground out 5-3 (Groundball, 5)
Frank Crocker to second
Pitching: LHP Raúl Gonzáles
Batting: RHB Wei-qiang Mo 0-0: Ball
1-0: Ball
2-0: Ball
3-0: Called Strike
3-1: Foul Ball, location: 2F
3-2: TRIPLE (Flyball, 89XD)
Frank Crocker scores
Pitching: RHP Adam Garrison
Batting: RHB Silvio Bonauiti 0-0: Foul Ball, location: 2F
0-1: Called Strike
0-2: Ground out 5-3 (Groundball, 56)
Wei-qiang Mo scores
Batting: LHB Calvin Wilms 0-0: SINGLE (Line Drive, 4MD)
Pinch Hitting: RHB Rob Gray 0-0: Foul Ball, location: 2F
0-1: Ground out 3-1 (Groundball, 34)
Bottom of the 9th over - 2 runs, 2 hits, 1 error, 1 left on base; Phoenix 4 - Bloomington 2
Tuesday, June 12th, 2018 - OOTP Baseball 18.8 Build 76